 Dungeon Crawl Stone Soup version 0.27-a0-1312-g5cdb2b3542 (webtiles) character file.

Game seed: 9220616609635039930

172370 freelancePsychic the Destroyer (level 17, -4/139 HPs)
             Began as a Demonspawn Warper on June 20, 2021.
             Was the Champion of Vehumet.
             Shot with an arrow by a deep elf master archer (37 damage)
             ... on level 3 of the Elven Halls.
             The game lasted 02:05:09 (39150 turns).

freelancePsychic the Destroyer (Demonspawn Warper) Turns: 39150, Time: 02:05:09

Health: -4/139     AC: 16    Str: 13    XL:     17   Next: 41%
Magic:  23/31      EV: 20    Int: 30    God:    Vehumet [******]
Gold:   2007       SH:  8    Dex: 16    Spells: 7/37 levels left

rFire    + . .     SeeInvis +   C - +7 dagger of Causality {flame, rElec rN+}
rCold    + . .     Faith    .   Z - +3 buckler {rPois}
rNeg     + . .     Spirit   .   b - +2 robe {Archmagi}
rPois    +         Reflect  .   (helmet unavailable)
rElec    +         Harm     .   e - scarf {rC+ rF+}
rCorr    .         Rampage  .   d - +2 pair of gloves
Will     +....                  l - +1 pair of boots "Forget-Me-Not" {Dex+2 SInv}
Stlth    ++........             x - amulet "Ufeliumuram" {Regen+ Stlth+}
HPRegen  4.33/turn              T - ring of Veaz {rElec AC+4 Int+3 Dex+2}
MPRegen  0.22/turn              O - +6 ring of intelligence

@: about to teleport
A: antennae 3, icy blue scales 2, powered by death 2, spiny 1, augmentation 1
a: Renounce Religion


You were on level 3 of the Elven Halls.
You worshipped Vehumet.
Vehumet was exalted by your worship.
You visited 5 branches of the dungeon, and saw 27 of its levels.
You also visited: Ossuary, Bailey, Gauntlet and Volcano.

You collected 3191 gold pieces.
You spent 1184 gold pieces at shops.

Inventory:

Hand Weapons
 a - a +1 dagger of venom
 C - the +7 dagger of Causality (weapon) {flame, rElec rN+}
   (You took it off a gnoll sergeant in a bailey)

   It has been specially enchanted to burn those struck by it, causing extra
   injury to most foes and up to half again as much damage against particularly
   susceptible opponents.
   It insulates you from electricity.
   It protects you from negative energy.
Missiles
 j - 164 sling bullets
 q - 6 throwing nets
 E - a curare-tipped dart
Armour
 b - a +2 robe of the Archmagi (worn)
 d - a +2 pair of gloves (worn)
 e - a scarf of resistance (worn)
 k - the +3 leather armour of Brilliance {+Blink rF- rC+++ Stlth+}
   (You found it in a Gauntlet)

   It makes you vulnerable to fire.
   It renders you almost immune to cold.
   It lets you blink.
   It makes you more stealthy.
 l - the +1 pair of boots "Forget-Me-Not" (worn) {Dex+2 SInv}
   (You found it on level 4 of the Dungeon)

   It affects your dexterity (+2).
   It lets you see invisible.
 Z - a +3 buckler of poison resistance (worn)
Jewellery
 i - a ring of protection from fire
 u - a +4 ring of evasion
 v - a +4 ring of slaying
 x - the amulet "Ufeliumuram" (around neck) {Regen+ Stlth+}
   (You found it on level 7 of the Dungeon)

   [amulet of regeneration]

   It increases your rate of health regeneration.
   It makes you more stealthy.
 M - a ring of wizardry
 O - a +6 ring of intelligence (right hand)
 R - the ring of Ifenisashi {*Corrode *Slow Str+6 Dex+6}
   (You found it on level 4 of the Lair of Beasts)

   [ring of strength]

   It affects your strength (+6).
   It affects your dexterity (+6).
   It may corrode you when you take damage.
   It may slow you when you take damage.
 S - a ring of fire
 T - the ring of Veaz (left hand) {rElec AC+4 Int+3 Dex+2}
   (You acquired it on level 5 of the Lair of Beasts)

   [ring of protection]

   It affects your AC (+4).
   It affects your intelligence (+3).
   It affects your dexterity (+2).
   It insulates you from electricity.
 U - a ring of protection from cold
 X - an amulet of reflection
Wands
 m - a wand of digging (2)
 p - a wand of iceblast (52)
 t - a wand of flame (16)
 y - a wand of acid (3)
 D - a wand of polymorph (32)
 Y - a wand of paralysis (13)
Scrolls
 A - 3 scrolls of enchant armour
 G - 2 scrolls of teleportation {@r4}
 H - 5 scrolls of enchant weapon
 I - 2 scrolls of summoning
 J - a scroll of silence
 L - a scroll of fog
 P - a scroll of torment
 W - 2 scrolls of fear
Potions
 f - 4 potions of resistance
 g - 4 potions of flight
 h - 4 potions of mutation
 n - 3 potions of curing {@q1}
 o - 4 potions of haste {@q3}
 w - 5 potions of brilliance
 z - 2 potions of might
 B - 5 potions of ambrosia
 F - 4 potions of cancellation
 K - 2 potions of lignification
 N - 2 potions of berserk rage
 Q - a potion of attraction {unknown}
 V - a potion of invisibility {unknown}


   Skills:
 - Level 14.1 Fighting
 - Level 6.1 Short Blades
 - Level 0.8 Throwing
 - Level 0.8 Armour
 + Level 13.8 Dodging
 - Level 4.0 Shields
 - Level 10.6 Spellcasting
 + Level 14.9 Conjurations
 - Level 3.1 Translocations
 + Level 13.1 Air Magic


You had 7 spell levels left.
You knew the following spells:

 Your Spells              Type           Power      Damage    Failure   Level
a - Conjure Ball Lightni  Conj/Air       50%        3x3d17    1%          6
b - Static Discharge      Conj/Air       100%       N/A       0%          2
d - Lightning Bolt        Conj/Air       50%        1d71      1%          5
e - Mephitic Cloud        Conj/Pois/Air  83%        N/A       1%          3
f - Silence               Hex/Air        35%        N/A       6%          5
g - Orb of Destruction    Conj           51%        9d16      1%          7
h - Blink                 Tloc           N/A        N/A       1%          2

Your spell library contained the following spells:

 Spells                   Type           Power      Damage    Failure   Level
 Freezing Cloud           Conj/Ice/Air   41%        6-21      1%          5
 Shock                    Conj/Air       100%       1d9       0%          1
 Apportation              Tloc           100%       N/A       1%          1
 Foxfire                  Conj/Fire      100%       2x1d9     1%          1
 Corpse Rot               Necr/Air       N/A        N/A       1%          2
 Dazzling Flash           Conj/Hex       100%       N/A       1%          3
 Stone Arrow              Conj/Erth      100%       3d13      1%          3
 Swiftness                Air            97%        N/A       1%          3
 Airstrike                Air            48%        N/A       1%          4
 Hailstorm                Conj/Ice       74%        3d15      1%          4
 Iskenderun's Mystic Bla  Conj/Tloc      81%        2d16      1%          4
 Sticky Flame             Conj/Fire      74%        2d9       1%          4
 Fireball                 Conj/Fire      37%        3d15      1%          5
 Irradiate                Conj/Tmut      37%        3d25      1%          5
 Gell's Gravitas          Tloc           25%        N/A       2%          3
 Ignite Poison            Fire/Tmut/Pois 23%        N/A       2%          3
 Lesser Beckoning         Tloc           25%        N/A       2%          3
 Teleport Other           Tloc           51%        N/A       2%          3
 Animate Skeleton         Necr           46%        N/A       3%          1
 Beastly Appendage        Tmut           46%        N/A       3%          1
 Corona                   Hex            25%        N/A       3%          1
 Summon Small Mammal      Summ           92%        N/A       3%          1
 Bolt of Magma            Conj/Fire/Erth 31%        4d14      3%          5
 Ensorcelled Hibernation  Hex/Ice        46%        N/A       4%          2
 Sublimation of Blood     Necr           11%        N/A       4%          2
 Wereblood                Tmut           23%        N/A       4%          2
 Starburst                Conj/Fire      37%        8x6d11    7%          6
 Confusing Touch          Hex            23%        N/A       10%         3
 Spider Form              Tmut/Pois      11%        N/A       10%         3
 Tukima's Dance           Hex            23%        N/A       10%         3
 Manifold Assault         Tloc           51%        N/A       26%         5
 Animate Armour           Summ/Erth      46%        N/A       32%         4
 Ice Form                 Ice/Tmut       23%        N/A       32%         4
 Petrify                  Tmut/Erth      23%        N/A       32%         4
 Spellforged Servitor     Conj/Summ      37%        N/A       32%         7
 Summon Forest            Summ/Tloc      19%        N/A       43%         5
 Alistair's Intoxication  Tmut/Pois      15%        N/A       67%         5
 Borgnjor's Vile Clutch   Necr/Erth      11%        N/A       67%         5
 Eringya's Noxious Bog    Tmut/Pois      11%        N/A       75%         6
 Shadow Creatures         Summ           N/A        N/A       99%         6
 Summon Hydra             Summ           11%        N/A       100%        7
 Ignition                 Fire           11%        3d5       100%        8


Dungeon Overview and Level Annotations

Branches:
Dungeon (15/15)            Temple (1/1) D:5            Lair (6/6) D:10
 Shoals (0/4) Lair:4        Slime (0/5) Lair:6          Orc (2/2) D:10
    Elf (3/3) Orc:2        Vaults (0/5) D:13         Depths (0/5) D:15
Ossuary (visited)          Bailey (visited)         Volcano (visited)
Gauntlet (visited)
  Snake: Lair:2-4    Spider: Lair:2-4

Altars:
Ashenzari
Cheibriados
Dithmenos
Elyvilon
Fedhas
Gozag
Hepliaklqana
Kikubaaqudgha
Makhleb
Nemelex Xobeh
Okawaru
Qazlal
Ru
Sif Muna
Trog
Uskayaw
Vehumet
Wu Jian
Xom
Yredelemnul
Zin

Shops:
D:5 *   D:6 [   D:8 !   D:9 :   D:15 =   Orc:2 *[[?*(=(   Elf:3 *

Portals:
Trove: Elf:2 (give 7 scrolls of fear)

Annotations:
D:7 1 runed translucent door, Crazy Yiuf
D:9 exclusion: 2 doors
Lair:3 Rupert
Elf:1 1 runed translucent door, Sobieck's ghost, adept SpBe
Elf:2 5 runed translucent doors


Innate Abilities, Weirdness & Mutations

You have a pair of large antennae on your head. (SInv)
You are mostly covered in icy blue scales. (AC +3)
You regenerate health from kills.
You are partially covered in sharp spines.
Your magical and physical power is slightly enhanced at high health.


Message History

You feel a surge of power!
You create some ball lightning! 3 ball lightnings come into view.
The deep elf sorcerer is struck by your spines.
The deep elf sorcerer closely misses you.
The deep elf elementalist is struck by your spines.
The deep elf elementalist hits you but does no damage.
The deep elf death mage is struck by your spines.
The deep elf death mage hits you but does no damage.
You hit the deep elf sorcerer. You burn the deep elf sorcerer.
The deep elf sorcerer is moderately wounded.
Your surroundings suddenly seem different.
Your ball lightning explodes!
The blast of lightning engulfs the deep elf pyromancer!!!
You kill the deep elf pyromancer!
Vehumet accepts your kill.
You feel your power returning.
The blast of lightning engulfs the deep elf elementalist!!
The deep elf elementalist is moderately wounded.
The blast of lightning engulfs the deep elf sorcerer!!
The deep elf sorcerer is severely wounded.
The deep elf master archer shouts!
You hear a shout! x4
As you read the scroll of teleportation {@r4}, it crumbles to dust.
You feel strangely unstable.
The deep elf master archer wields a +0 longbow.
The deep elf master archer shoots an arrow.
You block the arrow.
The deep elf sorcerer points at you and mumbles some strange words.
The sphere of damnation explodes!
The damnation engulfs you!!!
* * * LOW HITPOINT WARNING * * *
The deep elf elementalist gestures at you while chanting.
You hear a shout!
As you read the scroll of fog, it crumbles to dust.
The scroll dissolves into smoke.
You are engulfed in freezing vapours.
You resist.
* * * LOW HITPOINT WARNING * * *
The deep elf sorcerer howls an incantation.
The deep elf sorcerer glows brightly for a moment.
The deep elf master archer shoots an arrow.
The arrow hits you!!!
You die...

##.......#'#
#+#######........
#..e.......
#..........
##..e.......
##...........
#...☼§§§###..
#...§§○## #.
#..§§@# #.§§§☼#
#.§§§§# #..§...
#.......###.....
##..e..........
##...........
#.......... .....


You could see a deep elf master archer, a deep elf sorcerer (fast) and a deep
elf elementalist (fast, repels missiles).

Vanquished Creatures
  A deep elf blademaster (Elf:3)
  Aizul (Elf:1)
  3 deep elf sorcerers (Elf:3)
  Louise (Elf:3)
  A deep elf elementalist (Elf:3)
  An ironbound preserver (D:13)
  3 deep elf demonologists
  A minotaur (Gauntlet)
  2 deep elf annihilators
  A deep elf death mage (Elf:3)
  A deep elf high priest (Elf:1)
  Harold (Lair:1)
  Erolcha (D:13)
  13 hydras
  4 boulder beetles
  5 centaur warriors
  A merfolk avatar (Lair:6)
  A catoblepas (Lair:6)
  4 two-headed ogres
  Erica (D:10)
  12 dancing weapons
  2 tengu warriors (D:14)
  5 death yaks (Lair:2)
  2 orc high priests
  Urug (Lair:6)
  Nergalle (Lair:4)
  12 deep elf knights
  4 skeletal warriors (D:13)
  2 deep trolls (D:15)
  An obsidian statue (Gauntlet)
  16 deep elf archers
  A glowing orange brain (shapeshifter) (D:14)
  2 necromancers (D:15)
  33 deep elf pyromancers
  29 deep elf zephyrmancers
  2 harpies (Lair:6)
  8 ugly things
  6 orc sorcerers
  6 oklob plants
  A shining eye (shapeshifter) (D:15)
  5 manticores
  5 cyclopes
  2 elephants (Lair:6)
  Joseph (D:8)
  A guardian serpent (shapeshifter) (D:13)
  An eye of devastation (Lair:4)
  An ice statue (D:14)
  4 black mambas
  21 cane toads
  A gargoyle (D:14)
  2 torpor snails
  10 rime drakes
  An unseen horror (D:12)
  Psyche (D:8)
  An efreet (D:13)
  19 komodo dragons
  8 trolls
  A queen bee (shapeshifter) (D:13)
  5 polar bears
  2 jumping spiders (Lair:3)
  3 hornets
  A queen bee (D:9)
  Grinder (D:6)
  23 slime creatures
  Prince Ribbit (Lair:1)
  29 blink frogs
  2 redbacks (Lair:3)
  2 air elementals (Elf:2)
  2 vampires (D:11)
  4 water elementals
  2 shadows (D:10)
  5 wyverns
  A hog (shapeshifter) (D:15)
  4 wraiths
  6 fire elementals
  7 basilisks
  3 steam dragons
  4 vampire mosquitoes
  29 yaks
  Grum (D:8)
  Menkaure (D:5)
  6 wargs
  A warg (shapeshifter) (D:10)
  Duvessa (D:7)
  Edmund (D:6)
  An acid dragon (D:13)
  20 water moccasins
  6 hell hounds
  4 black bears
  A hornet zombie (D:8)
  16 orc warriors
  A sky beast (D:7)
  A black bear (shapeshifter) (D:13)
  A necrophage (D:8)
  2 ogres
  29 wolves
  6 centaurs
  A kobold brigand (D:9)
  11 bullfrogs
  8 gnoll sergeants (Bailey)
  2 scorpions
  2 wyvern zombies (D:8)
  3 earth elementals
  Dowan (D:7)
  A water moccasin zombie (D:5)
  2 water moccasin skeletons
  33 killer bees
  7 wights (D:8)
  10 electric eels
  5 howler monkeys
  2 bullfrog zombies (D:5)
  9 centaur zombies
  3 jellies
  7 gnoll shamans
  An iguana (D:5)
  23 orc priests
  5 hounds
  A centaur skeleton (D:4)
  A human zombie (Ossuary)
  Ijyb (D:5)
  33 orc wizards
  5 hell rats (Lair:4)
  A killer bee zombie (D:8)
  A hound skeleton (D:2)
  4 mummies
  A howler monkey zombie (D:10)
  19 gnolls
  8 adders
  4 white imps
  An adder skeleton (D:4)
  2 adder zombies (Ossuary)
  5 worms
  3 dart slugs
  43 orcs
  10 ball pythons
  10 endoplasms
  5 giant cockroaches
  17 goblins
  11 hobgoblins
  5 jackals
  11 kobolds
  2 quokkas
  8 bats
  A frilled lizard (D:2)
  A goblin zombie (Ossuary)
  11 hobgoblin zombies
  3 jackal zombies
  8 kobold zombies (Ossuary)
  9 orc zombies (Ossuary)
  4 rats
  A rat zombie (Ossuary)
  A butterfly (D:5)
900 creatures vanquished.

Vanquished Creatures (collateral kills)
  8 ball lightnings
8 creatures vanquished.

Vanquished Creatures (others)
  A two-headed ogre (D:11)
  A deep elf knight (Elf:2)
  A centaur zombie (D:11)
  A gargoyle (D:11)
  A rime drake (Lair:6)
  A yak (D:11)
  A wyvern (Lair:6)
  3 vampire mosquitoes (D:11)
  A jelly (D:7)
  416 ball lightnings
  A bush (Lair:4)
  3 demonic plants (Gauntlet)
  42 fungi
  187 plants
  3 withered plants (D:8)
663 creatures vanquished.

Grand Total: 1571 creatures vanquished

Notes
Turn   | Place    | Note
-------+----------+-------------------------------------------
     0 | D:1      | freelancePsychic the Demonspawn Warper began the quest for
                  | the Orb.
     0 | D:1      | Reached XP level 1. HP: 16/16 MP: 3/3
   499 | D:1      | Gained mutation: You have a pair of small antennae on your
                  | head. [demonic ancestry]
   499 | D:1      | Reached XP level 2. HP: 22/22 MP: 5/5
  1483 | D:2      | Reached XP level 3. HP: 17/28 MP: 6/6
  1693 | D:2      | Learned a level 2 spell: Blink
  2397 | D:2      | Gained mutation: You are partially covered in sharp spines.
                  | [demonic ancestry]
  2397 | D:2      | Reached XP level 4. HP: 35/35 MP: 7/7
  3198 | D:3      | Reached skill level 1 in Conjurations
  3321 | D:3      | Reached skill level 1 in Air Magic
  3562 | D:3      | Gained mutation: You have a pair of antennae on your head.
                  | [demonic ancestry]
  3562 | D:3      | Reached XP level 5. HP: 41/41 MP: 8/8
  4361 | D:4      | Gained mutation: You are partially covered in icy blue
                  | scales. (AC +2) [demonic ancestry]
  4361 | D:4      | Reached XP level 6. HP: 22/47 MP: 1/9
  4816 | D:4      | Identified the +1 pair of boots "Forget-Me-Not" {Dex+2
                  | SInv}
  4938 | D:4      | Learned a level 1 spell: Shock
  4941 | D:4      | Learned a level 2 spell: Static Discharge
  5620 | D:5      | Entered Level 5 of the Dungeon
  5727 | D:5      | Found an ancient bone altar of Kikubaaqudgha.
  5738 | D:5      | Reached XP level 7. HP: 39/52 MP: 1/10
  5889 | D:5      | Found a sand-covered staircase.
  5944 | Ossuary  | Entered an ossuary
  6421 | Ossuary  | Reached skill level 5 in Conjurations
  6558 | D:5      | Found Yshic's Overcharged Wands.
  6560 | D:5      | Noticed Ijyb
  6729 | D:5      | Reached skill level 10 in Conjurations
  6729 | D:5      | Gained mutation: You are mostly covered in icy blue scales.
                  | (AC +3) [demonic ancestry]
  6729 | D:5      | Reached XP level 8. HP: 58/58 MP: 11/11
  6730 | D:5      | Reached XP level 9. HP: 72/72 MP: 12/12
  6750 | D:5      | Found a staircase to the Ecumenical Temple.
  6759 | D:5      | Killed Ijyb
  6771 | Temple   | Entered the Ecumenical Temple
  6973 | Temple   | Became a worshipper of Vehumet
  7000 | Temple   | Learned a level 4 spell: Airstrike
  7216 | D:5      | Noticed Menkaure
  7220 | D:5      | Killed Menkaure
  7377 | D:6      | Noticed Edmund
  7385 | D:6      | Killed Edmund
  7386 | D:6      | Gained mutation: You regenerate a little health from kills.
                  | [demonic ancestry]
  7386 | D:6      | Reached XP level 10. HP: 60/79 MP: 2/13
  7707 | D:6      | Noticed Grinder
  7714 | D:6      | Killed Grinder
  8152 | D:6      | Found Imups's Antique Armour Shop.
  8157 | D:6      | Bought a slimy robe for 193 gold pieces
  8157 | D:6      | Identified the +1 robe of the Equator {Harm Int+4} (You
                  | bought it in a shop on level 6 of the Dungeon)
  8319 | D:7      | Learned a level 5 spell: Lightning Bolt
  8704 | D:7      | Found a runed translucent door.
  8705 | D:7      | Noticed Crazy Yiuf
  9069 | D:7      | Identified the amulet "Ufeliumuram" {Regen+ Stlth+}
  9259 | D:7      | Noticed Duvessa
  9259 | D:7      | Noticed Dowan
  9265 | D:7      | Killed Duvessa
  9278 | D:7      | Killed Dowan
  9787 | D:8      | Noticed Grum
  9807 | D:8      | Reached skill level 5 in Spellcasting
  9970 | D:8      | Killed Grum
 10106 | D:8      | Found Jeps's Distillery.
 10262 | D:8      | Noticed Joseph
 10280 | D:8      | Killed Joseph
 10335 | D:8      | Noticed a manticore
 10354 | D:8      | Killed a manticore
 10447 | D:8      | Noticed Psyche
 10458 | D:8      | Killed Psyche
 10728 | D:8      | Found a large runed translucent door.
 10729 | D:8      | Found a large runed translucent door.
 10810 | D:8      | Reached * piety under Vehumet
 10810 | D:8      | Offered knowledge of Foxfire by Vehumet.
 10831 | D:8      | Gained mutation: You have a pair of large antennae on your
                  | head. (SInv) [demonic ancestry]
 10831 | D:8      | Reached XP level 11. HP: 85/85 MP: 3/19
 11705 | D:8      | Found a hazy altar of Hepliaklqana.
 11708 | D:8      | Found a hide-covered altar of Uskayaw.
 12035 | D:9      | Noticed a deep elf pyromancer
 12043 | D:9      | Killed a deep elf pyromancer
 12158 | D:9      | Found Ysch's Book Shop.
 12617 | D:9      | Reached ** piety under Vehumet
 12620 | D:9      | Offered knowledge of Poisonous Vapours by Vehumet.
 13170 | D:9      | Identified the +2 plate armour "Untuax" {rC++}
 13376 | D:10     | Entered Level 10 of the Dungeon
 13390 | D:10     | Noticed a centaur warrior
 13390 | D:10     | Noticed a purple ugly thing
 13494 | D:10     | Noticed Erica
 13501 | D:10     | Killed Erica
 13699 | D:10     | Found a staircase to the Lair.
 13705 | D:10     | Offered knowledge of Mephitic Cloud by Vehumet.
 13923 | D:10     | Noticed a deep elf pyromancer
 13978 | D:10     | Noticed a two-headed ogre
 13981 | D:10     | Noticed a deep elf pyromancer
 13996 | D:10     | Killed a two-headed ogre
 13998 | D:10     | Killed a deep elf pyromancer
 14107 | D:10     | You fall into a shaft and drop 1 floor!
 14172 | D:11     | Noticed a two-headed ogre
 14218 | D:11     | Killed a two-headed ogre
 14308 | D:11     | You fall into a shaft and drop 3 floors!
 14313 | D:14     | Identified a scroll of acquirement
 14314 | D:14     | Acquired a scarf of resistance
 14355 | D:13     | Noticed Erolcha
 14359 | D:13     | Killed Erolcha
 14360 | D:13     | Reached skill level 10 in Air Magic
 14360 | D:13     | Reached XP level 12. HP: 93/96 MP: 3/20
 14367 | D:13     | Reached *** piety under Vehumet
 14499 | D:13     | Noticed a centaur warrior
 14509 | D:13     | Killed a centaur warrior
 14608 | D:13     | Noticed a boulder beetle
 14644 | D:13     | Found a flagged portal.
 14651 | Bailey   | Entered a bailey
 14665 | Bailey   | Learned a level 3 spell: Mephitic Cloud
 14786 | Bailey   | Offered knowledge of Sticky Flame by Vehumet.
 14792 | Bailey   | Learned a level 4 spell: Sticky Flame
 15059 | Bailey   | Identified the +7 dagger of Causality {flame, rElec rN+}
 15063 | Bailey   | Reached skill level 10 in Fighting
 15537 | D:12     | Noticed a two-headed ogre
 15548 | D:12     | Killed a two-headed ogre
 15640 | D:12     | Noticed a boulder beetle
 15642 | D:12     | Noticed a two-headed ogre
 15655 | D:12     | Killed a two-headed ogre
 15673 | D:12     | Killed a boulder beetle
 16018 | D:10     | Reached **** piety under Vehumet
 16030 | D:10     | Offered knowledge of Hailstorm by Vehumet.
 16145 | D:10     | Found a staircase to the Orcish Mines.
 16891 | Lair:1   | Entered Level 1 of the Lair of Beasts
 17140 | Lair:1   | Noticed Prince Ribbit
 17144 | Lair:1   | Found a bloodstained altar of Trog.
 17149 | Lair:1   | Killed Prince Ribbit
 17315 | Lair:1   | Noticed Harold
 18220 | Lair:1   | Killed Harold
 18221 | Lair:1   | Gained mutation: You regenerate health from kills. [demonic
                  | ancestry]
 18221 | Lair:1   | Reached XP level 13. HP: 91/103 MP: 4/23
 18727 | Lair:2   | Reached ***** piety under Vehumet
 18858 | Lair:2   | Offered knowledge of Ozocubu's Refrigeration by Vehumet.
 19754 | Lair:3   | Noticed Rupert
 20103 | Lair:3   | Reached skill level 10 in Dodging
 20125 | Lair:3   | Paralysed by Rupert for 7 turns
 20583 | Lair:4   | Noticed Nergalle
 20593 | Lair:4   | Killed Nergalle
 20922 | Lair:4   | Found a staircase to the Shoals.
 20925 | Lair:4   | Noticed Nessos
 20926 | Lair:4   | Noticed Nessos
 20926 | Lair:4   | Nessos changed into Nessos the eye of devastation
 21676 | Lair:4   | Killed Nessos the eye of devastation
 22123 | Lair:4   | Reached XP level 14. HP: 115/115 MP: 21/24
 22614 | Lair:4   | Identified Sif Muna's Disquisition on Arcane Weapons
 22635 | Lair:4   | Identified the ring of Ifenisashi {*Corrode *Slow Str+6
                  | Dex+6}
 24130 | Lair:5   | Acquired the ring of Veaz {rElec AC+4 Int+3 Dex+2}
 25134 | Lair:6   | Entered Level 6 of the Lair of Beasts
 25516 | Lair:5   | Offered knowledge of Conjure Ball Lightning by Vehumet.
 25524 | Lair:5   | Learned a level 6 spell: Conjure Ball Lightning
 26568 | Lair:6   | Found a staircase to the Slime Pits.
 27011 | Lair:6   | Noticed Urug
 27015 | Lair:6   | Killed Urug
 27463 | Lair:6   | Identified the +5 halberd "Beast's Funeral" {venom, rC- rN+
                  | rCorr}
 27495 | Lair:6   | Reached XP level 15. HP: 112/122 MP: 17/26
 27860 | Orc:1    | Entered Level 1 of the Orcish Mines
 27921 | Orc:1    | Found a dark tunnel.
 27927 | Volcano  | Entered a volcano
 28159 | Volcano  | Learned a level 5 spell: Silence
 28267 | Volcano  | Identified the +5 fire dragon scales "Atudelut" {Harm rElec
                  | rF++ rC- Dex+2}
 28811 | Orc:2    | Entered Level 2 of the Orcish Mines
 28878 | Orc:2    | Found Vuebb's Antique Weapon Emporium.
 28948 | Orc:2    | Found a burning altar of Makhleb.
 28985 | Orc:2    | Found Lyplonno's Antique Armour Shoppe.
 29005 | Orc:2    | Paralysed by an orc sorcerer for 3 turns
 29026 | Orc:2    | Paralysed by an orc sorcerer for 2 turns
 29034 | Orc:2    | Found Lorym's Assorted Antiques.
 29034 | Orc:2    | Found Viown's Antique Armour Boutique.
 29034 | Orc:2    | Found Panayt's Magic Scroll Boutique.
 29037 | Orc:2    | Found Boavi's Weapon Shop.
 29104 | Orc:2    | Bought a glowing buckler for 232 gold pieces
 29168 | Orc:2    | Found a staircase to the Elven Halls.
 29173 | Orc:2    | Found Buyzeg's General Store.
 29182 | Orc:2    | Bought a scroll of enchant armour for 105 gold pieces
 29182 | Orc:2    | Bought a scroll of enchant armour for 105 gold pieces
 29217 | Orc:2    | Found Hilupt's Jewellery Boutique.
 29550 | Orc:2    | Bought a scroll of blinking for 172 gold pieces
 29551 | Orc:2    | Bought a crude leather armour for 217 gold pieces
 29551 | Orc:2    | Identified the +1 leather armour "Exuinwot" {rN+ Int+2
                  | Stlth+} (You bought it in a shop on level 2 of the Orcish
                  | Mines)
 29925 | D:11     | Identified the +1 robe of Inubrij {Int+2}
 30338 | D:12     | Reached skill level 1 in Shields
 31330 | D:13     | Reached ****** piety under Vehumet
 31335 | D:13     | Offered knowledge of Orb of Destruction by Vehumet.
 31645 | D:13     | Found a gate to the Vaults.
 32869 | D:14     | Reached skill level 10 in Spellcasting
 33180 | D:14     | Learned a level 7 spell: Orb of Destruction
 33199 | D:15     | Entered Level 15 of the Dungeon
 33230 | D:15     | Found a gate leading to a gauntlet.
 33247 | Gauntlet | Entered a Gauntlet
 33247 | Gauntlet | Found a transporter.
 33247 | Gauntlet | Found a transporter.
 33263 | Gauntlet | Found a transporter.
 33278 | Gauntlet | Found a transporter.
 33278 | Gauntlet | Found a transporter.
 33280 | Gauntlet | Found a transporter.
 33280 | Gauntlet | Found a transporter.
 33281 | Gauntlet | Found a transporter.
 33293 | Gauntlet | Found a transporter.
 33307 | Gauntlet | Found a runed translucent door.
 33309 | Gauntlet | Found a transporter.
 33311 | Gauntlet | Found a runed translucent door.
 33319 | Gauntlet | Found a transporter.
 33333 | Gauntlet | Found a transporter.
 33354 | Gauntlet | Found a transporter.
 33366 | Gauntlet | Found a transporter.
 33548 | Gauntlet | Identified the -4 cloak "Tiduissu" {Rampage Fly rF+}
 33620 | Gauntlet | Identified the +5 ring mail of Oraodint {rPois Will-
                  | Regen+}
 33622 | Gauntlet | Gained mutation: Your magical and physical power is
                  | slightly enhanced at high health. [demonic ancestry]
 33622 | Gauntlet | Reached XP level 16. HP: 131/131 MP: 26/30
 33630 | Gauntlet | Identified the +3 leather armour of Brilliance {+Blink rF-
                  | rC+++ Stlth+}
 33870 | D:15     | Found a staircase to the Depths.
 34465 | D:15     | Found Saclac's Jewellery Boutique.
 34480 | D:15     | Found an opulent altar of Gozag.
 35001 | Elf:1    | Entered Level 1 of the Elven Halls
 36141 | Elf:1    | Reached skill level 5 in Short Blades
 36265 | Elf:1    | Noticed Aizul
 36295 | Elf:1    | Killed Aizul
 36403 | Elf:1    | Found a radiant altar of Vehumet.
 36429 | Elf:1    | Found a runed translucent door.
 36429 | Elf:1    | Found a shimmering altar of Xom.
 36429 | Elf:1    | Noticed Sobieck's ghost (adept SpBe)
 37158 | Elf:2    | Offered knowledge of Spellforged Servitor by Vehumet.
 37527 | Elf:1    | Identified the +1 robe of the Pit {Str+4 Dex+2}
 38104 | Elf:2    | Found a huge runed translucent gate.
 38104 | Elf:2    | Found a huge runed translucent gate.
 38104 | Elf:2    | Found a huge runed translucent gate.
 38110 | Elf:2    | Found a huge runed translucent gate.
 38110 | Elf:2    | Found a huge runed translucent gate.
 38201 | Elf:2    | Reached XP level 17. HP: 126/139 MP: 25/31
 38312 | Elf:2    | Found a portal to a secret trove of treasure.
 38375 | Elf:3    | Entered Level 3 of the Elven Halls
 38429 | Elf:3    | Found Botso's General Store.
 38432 | Elf:3    | Bought a potion of haste for 160 gold pieces
 38573 | Elf:3    | Noticed Louise
 38605 | Elf:3    | Killed Louise
 38621 | Elf:3    | Identified the Disquisition on Attacks
 39131 | Elf:3    | Noticed a deep elf master archer
 39132 | Elf:3    | Noticed a deep elf blademaster
 39139 | Elf:3    | Offered knowledge of Freezing Cloud by Vehumet.
 39139 | Elf:3    | Noticed a deep elf blademaster
 39140 | Elf:3    | Killed a deep elf blademaster
 39141 | Elf:3    | Noticed a deep elf blademaster
 39144 | Elf:3    | Noticed a deep elf master archer
 39150 | Elf:3    | Shot with an arrow by a deep elf master archer

Illustrated notes

Levels and vault maps discovered:
D:1:      dpeg_arrival_shelter, layout_loops_ring, nrook_mini_backslash
D:2:      layout_basic
D:3:      cheibrodos_greedy_goblins, layout_loops_corners, dk_noncrumbling_4
D:4:      layout_basic, st_stairs_6, grunt_ministairs_12
D:5:      layout_basic, lemuel_crystal_altar, minmay_temple_entry_butterflies,
          enter_ossuary_3, nicolae_shop_overcharged_wands, uniq_ijyb,
          uniq_menkaure
D:6:      layout_rooms, lemuel_tele_altar, serial_shops, kennysheep_little_box,
          uniq_edmund, uniq_grinder
D:7:      layout_loops_corners, feat_on_display, uniq_crazy_yiuf_cottage,
          uniq_duvessa
D:8:      layout_loops_corners, jmf_multi_god_temple2, serial_undead,
          serial_undead_c, serial_undead_f, serial_undead_e, serial_undead_e,
          serial_undead_a, serial_shops, nicolae_take_the_stairs,
          small_statue_intersection, minmay_misc_feat_secret_circle, uniq_grum,
          uniq_psyche, uniq_joseph
D:9:      layout_roguey [special_room_bee], general_overflow_altar,
          serial_shops, shop, kennysheep_generic_room_10
D:10:     minmay_diamond_stairs, layout_basic, pf_just_have_faith,
          erik_lair_orcish_takeover, orc_0_dummy, serial_bayou,
          serial_bayou_pond_b, serial_bayou_pond_e, serial_bayou_crossing,
          serial_bayou_ford_a, serial_bayou_pond_d, minmay_fountain_box,
          kennysheep_generic_room_7, uniq_erica
D:11:     layout_loops_ring, lemuel_flamethrower_2
D:12:     layout_irregular_city
D:13:     kennysheep_room_grid, layout_small_grid,
          skrybe_vaults_entry_preservation, enter_bailey_3,
          hangedman_abyss_or_decor_clamps, uniq_erolcha
D:14:     lemuel_ice_statue, layout_loops_ring
D:15:     hangedman_depths_entry_civil_slaughter, layout_stronghold,
          gauntlet_entry_generic, grunt_gozag_breadcrumbs, serial_shops, shop
Temple:   lightli_temple_of_artemis
Lair:1:   layout_misc_corridors, basic_altar, serial_bayou_shore_b,
          uniq_prince_ribbit2, uniq_harold
Lair:2:   layout_cave_pods, serial_bayou_lake_a
Lair:3:   layout_loops_ring, spider_nest_entry_funnel_web, serial_bayou_shore_b,
          uniq_rupert
Lair:4:   nzn_winding_woodlands_stair_trap [nzn_winding_woodlands_5x15_garden,
          nzn_winding_woodlands_5x15_split_checker,
          nzn_winding_woodlands_5x15_default,
          nzn_winding_woodlands_15x15_five_gardens,
          nzn_winding_woodlands_5x15_twine,
          nzn_winding_woodlands_5x15_sidewinder,
          nzn_winding_woodlands_5x15_longhouse], layout_small_grid,
          minmay_shoals_entry_centaurs, grunt_forest_small_clearing_treed,
          uniq_nergalle, uniq_nessos
Lair:5:   layout_regular_city
Lair:6:   gammafunk_lair_ancient_temple, layout_big_grid,
          minmay_slime_entry_oklob_open, lemuel_old_faithful, uniq_urug
Orc:1:    layout_caves, enter_volcano_3
Orc:2:    st_orc_mages, layout_diamond_mine, serial_shops,
          nicolae_shop_overgrown_old_shop, shop, shop, nicolae_shop_stone,
          david_defended_altar_orc
Elf:1:    minmay_elf_arrival_summoners, layout_loops_corners, basic_altar,
          ebering_ghost_xom, kennysheep_underground_church, uniq_aizul
Elf:2:    layout_geoelf_octagon, trove_entry_hex_spiral
Elf:3:    nooodl_elf_gasket, layout_geoelf_octagon, serial_shops, shop,
          nicolae_elf_glass_and_crystal_pillar_1, minivault_25_ag,
          minmay_elf_annihilation, uniq_louise

Skill      XL: |  1  2  3  4  5  6  7  8  9 10 11 12 13 14 15 16 17 |
---------------+----------------------------------------------------+-----
Short Blades   | 2 3 6 |  6.1
Fighting       | 3 7 9 10 12 13 14 | 14.1
Translocations | 3 |  3.1
Conjurations   | 1 2 4 10 11 12 13 14 | 14.9
Air Magic      | 1 2 3 9 10 12 13 | 13.1
Dodging        | 6 8 10 12 13 | 13.8
Spellcasting   | 5 7 10 | 10.6
Shields        | 4 |  4.0
Throwing       | |  0.8
Armour         | |  0.8

Action                   |  1- 3 |  4- 6 |  7- 9 | 10-12 | 13-15 | 16-18 || total
-------------------------+-------+-------+-------+-------+-------+-------++-------
Melee: Short sword       |   133 |       |       |       |       |       ||   133
       Dagger            |       |    44 |   162 |   402 |   374 |   406 ||  1388
 Fire: Hunting sling     |    20 |   179 |       |       |       |       ||   199
Throw: Boomerang         |       |     5 |       |       |       |       ||     5
 Cast: Blink             |       |     8 |       |     1 |     1 |       ||    10
       Static Discharge  |       |     9 |    31 |   122 |   137 |     2 ||   301
       Shock             |       |     1 |     3 |     1 |       |       ||     5
       Airstrike         |       |       |       |    88 |    34 |     3 ||   125
       Lightning Bolt    |       |       |       |    41 |   111 |     9 ||   161
       Mephitic Cloud    |       |       |       |    17 |     9 |       ||    26
       Sticky Flame      |       |       |       |     4 |       |       ||     4
       Conjure Ball Ligh |       |       |       |       |   140 |    34 ||   174
       Silence           |       |       |       |       |     3 |    19 ||    22
       Orb of Destructio |       |       |       |       |     1 |    36 ||    37
Evoke: Wand              |       |       |       |     1 |    14 |     3 ||    18
  Use: Scroll            |     1 |     5 |     4 |    12 |    22 |    10 ||    54
       Potion            |       |     1 |     2 |     5 |     4 |    11 ||    23
 Stab: Sleeping          |     3 |       |       |     2 |     2 |     2 ||     9
       Confused          |       |       |       |     1 |     6 |       ||     7
       Distracted        |       |       |       |       |     1 |       ||     1
Armor: Leather armour    |    22 |       |       |       |    15 |       ||    37
       Robe              |     9 |    27 |    63 |    38 |     1 |    73 ||   211
       Steam dragon scal |       |       |       |   112 |   145 |       ||   257
Dodge: Dodged            |    79 |    60 |    79 |   506 |   554 |   184 ||  1462
Block: Buckler           |       |       |       |       |    20 |   121 ||   141

Table legend: (Time is in decaauts)
 A = Elapsed time spent in this place.
 B = Non-inter-level travel time spent in this place.
 C = Inter-level travel time spent in this place.
 D = Time resting spent in this place.
 E = Time spent auto-exploring this place.
 F = Levels seen in this place.
 G = Mean time per level.
                   A        B        C        D        E       F      G
               +--------+--------+--------+--------+--------+-----+--------+
         Total |  39031 |  37462 |   1569 |   5006 |  24800 |  31 | 1259.1 |
       Dungeon |  20175 |  19342 |    833 |   1974 |  14026 |  15 | 1345.0 |
        Temple |    229 |    212 |     17 |      0 |    200 |   1 |  229.0 |
          Lair |  10983 |  10576 |    407 |   1875 |   6543 |   6 | 1830.5 |
  Orcish Mines |   1588 |   1432 |    156 |    100 |    991 |   2 |  794.0 |
   Elven Halls |   3894 |   3739 |    155 |    615 |   2223 |   3 | 1298.0 |
       Ossuary |    567 |    567 |      0 |    192 |    143 |   1 |  567.0 |
        Bailey |    811 |    811 |      0 |    115 |    413 |   1 |  811.0 |
       Volcano |    381 |    381 |      0 |    127 |     68 |   1 |  381.0 |
      Gauntlet |    400 |    400 |      0 |      7 |    192 |   1 |  400.0 |
               +--------+--------+--------+--------+--------+-----+--------+

Top non-repeatable levels by time:
  Lair:4: 2881 daAuts
   Elf:1: 2152 daAuts
  Lair:6: 2062 daAuts
     D:9: 1805 daAuts
     D:8: 1796 daAuts
     D:7: 1689 daAuts
    D:10: 1593 daAuts
     D:4: 1560 daAuts
  Lair:5: 1554 daAuts
  Lair:1: 1512 daAuts
  Lair:3: 1501 daAuts
  Lair:2: 1471 daAuts
     D:1: 1449 daAuts
     D:3: 1444 daAuts
    D:12: 1411 daAuts
